Rivermen vs Heat

Created - Sunday, November 23, 2014 at 23:53

Goals
1 2 3 T
Rivermen 2 1 1 4
Heat 8 2 3 13
Shots
1 2 3 T
Rivermen 17 10 3 30
Heat 12 6 12 30

1st period

1. Heat , Sami Vatanen 5 (Tomas Fleischmann, Riley Sheahan) at 0:33
2. Heat , Tomas Fleischmann 3 (Riley Sheahan, Sami Vatanen) at 2:12
3. Heat , Nicolas Deslauriers 4 (Devante Smith-Pelly, Rickard Rakell) at 3:43
4. Rivermen , Anton Belov 13 (Joakim Nordstrom) at 6:12 (PP)
5. Heat , Sven Baertschi 18 (Devante Smith-Pelly, Jon Merrill) at 6:37
6. Heat , Nikita Kucherov 1 (Sami Vatanen, Victor Rask) at 6:59
7. Heat , Sami Vatanen 6 (Victor Rask) at 8:02
8. Rivermen , Joakim Nordstrom 1 (Ryan Reaves, Ryan Ellis) at 8:30
9. Heat , Nikita Kucherov 2 (Victor Rask, Sergei Gonchar) at 9:43
10. Heat , Sergei Gonchar 5 (Tomas Fleischmann, Riley Sheahan) at 12:16

Penalties :
Taylor Beck (ABB) for Interference (Minor) at 6:01, Nicolas Deslauriers (ABB) for Fighting (Major) at 10:21, Rob Davison (Peo) for Fighting (Major) at 10:21, Jon Merrill (ABB) for Boarding (Minor) at 14:38, Sami Vatanen (ABB) for Hooking (Minor) at 17:09

2nd period

11. Heat , Sami Vatanen 7 (Jordan Caron) at 2:37
12. Heat , Nikita Kucherov 3 (Jon Merrill, Victor Rask) at 3:46
13. Rivermen , Chris Brown 2 (Mark Stone) at 13:58

Penalties :
Rob Davison (Peo) for Holding (Minor) at 8:52, Nicolas Deslauriers (ABB) for Hooking (Minor) at 19:48

3rd period

14. Heat , Jordan Caron 8 (Sergei Gonchar, Victor Rask) at 0:06 (SH)
15. Heat , Sergei Gonchar 6 (Tomas Fleischmann, Sami Vatanen) at 2:53
16. Heat , Jordan Caron 9 (Filip Forsberg, Sami Vatanen) at 6:42
17. Rivermen , Joakim Nordstrom 2 (Mark Stone, Ryan Sproul) at 16:28 (PP)

Penalties :
Ryan Reaves (Peo) for Interference (Minor) at 12:34, Nicolas Deslauriers (ABB) for Interference (Minor) at 14:39

Goalie Stats

Farm Player87 (Peo), 15 saves from 24 shots - (0.625), 54:21 minutes
Tyler Bunz (Peo), 2 saves from 6 shots - (0.333), L, 5-16-1, 5:39 minutes
Calvin Pickard (ABB), 26 saves from 30 shots - (0.867), W, 7-1-0, 60:00 minutes

Players Stats for Rivermen

Player Name              G  A  P  +/- PIM S  H  SB GA TA FO     MP     PP MP  PK MP  
------------------------------------------------------------------------------------
Anton Belov              1  0  1  -5  0   3  0  4  1  2  0/0    22:01   2:22   3:42 
Brian Gibbons            0  0  0  -5  0   0  1  0  2  0  4/11   18:58   3:53   1:13 
Brian O'Neill            0  0  0  -3  0   4  0  2  1  1  1/1    17:05   0:00   0:39 
Chris Brown              1  0  1  -1  0   3  1  0  0  1  0/0    15:12   0:00   1:05 
Cody Goloubef            0  0  0  -3  0   0  0  0  1  1  0/0    14:52   0:00   0:16 
Evan Rankin              0  0  0  -1  0   1  0  2  0  2  1/2    14:27   0:00   0:00 
Jeremy Morin             0  0  0   0  0   0  0  0  0  0  0/0     0:16   0:00   0:00 
Joakim Nordstrom         2  1  3  -2  0   4  1  0  2  4  5/15   17:31   4:37   0:20 
Joe Piskula              0  0  0   0  0   0  0  0  0  0  0/0     0:00   0:00   0:00 
Joe Whitney              0  0  0  -5  0   3  0  0  0  0  0/4    25:07   3:49   1:49 
Lane Scheidl             0  0  0   0  0   0  0  0  0  0  0/0     2:05   0:00   1:13 
Mark Stone               0  2  2  -6  0   3  1  2  2  0  4/12   22:32   3:35   0:00 
Maxime Fortunus          0  0  0   0  0   0  0  1  0  0  0/0    10:14   0:00   0:00 
Rob Davison              0  0  0  -6  7   0  4  1  0  1  0/0    25:47   5:35   0:00 
Ryan Ellis               0  1  1  -3  0   4  2  2  1  2  0/0    26:08   6:24   0:16 
Ryan Reaves              0  1  1  -2  2   3  2  0  1  0  0/0    17:00   4:22   0:00 
Ryan Sproul              0  1  1  -5  0   1  1  1  0  2  0/0    20:55   1:33   3:42 
Zack Phillips            0  0  0  -8  0   1  4  0  0  1  5/8    25:44   3:35   1:37 

Players Stats for Heat

Player Name              G  A  P  +/- PIM S  H  SB GA TA FO     MP     PP MP  PK MP  
------------------------------------------------------------------------------------
Devante Smith-Pelly      0  2  2   2  0   1  0  0  2  0  2/2    15:19   1:42   0:00 
Filip Forsberg           0  1  1   2  0   1  0  0  2  0  3/4     7:26   0:00   0:00 
Jon Merrill              0  2  2   3  2   3  1  0  0  1  0/0    22:34   2:24   1:29 
Jordan Caron             2  1  3   3  0   3  1  0  1  0  1/1    13:19   0:00   5:39 
Lucas Lessio             0  0  0   2  0   0  1  0  0  0  1/1     9:14   0:00   1:09 
Nicolas Deslauriers      1  0  1   1  9   1  1  1  0  0  0/0    13:10   0:00   1:16 
Nikita Kucherov          3  0  3   4  0   5  1  0  1  0  0/1    11:43   0:00   0:00 
Richard Panik            0  0  0   2  0   1  2  0  1  0  0/0    16:55   2:16   0:00 
Rickard Rakell           0  1  1   2  0   3  2  0  0  0  9/11   15:33   1:42   0:14 
Riley Sheahan            0  3  3   2  0   1  1  0  6  0  10/16  18:12   2:16   1:17 
Sami Vatanen             3  4  7   8  2   3  3  0  4  0  0/0    23:45   1:34   2:48 
Sergei Gonchar           2  2  4   7  0   2  1  0  1  0  0/0    22:34   1:34   4:47 
Stuart Percy             0  0  0   1  0   0  0  0  0  0  0/0    15:04   0:00   1:41 
Sven Baertschi           1  0  1   2  0   3  2  0  5  0  0/0    15:19   1:42   0:00 
Taylor Beck              0  0  0   4  2   0  2  0  0  1  0/1    12:59   0:00   1:17 
Tim Erixon               0  0  0   2  0   0  1  2  0  3  0/0    23:48   2:24   4:16 
Tomas Fleischmann        1  3  4   2  0   3  3  0  5  1  0/2    16:55   2:16   0:00 
Victor Rask              0  5  5   5  0   0  2  2  0  0  7/14   18:26   0:00   6:18 

3 Stars

1 - Sami Vatanen (ABB)
2 - Sergei Gonchar (ABB)
3 - Nikita Kucherov (ABB)

Power Play

Rivermen - 2 on 5 Attempt(s) - 40.00%
Heat - 0 on 2 Attempt(s) - 0.00%

Penalty Kill

Rivermen - 2 on 2 Attempt(s) - 100.00% - Score 0 goal in Penalty Kill
Heat - 3 on 5 Attempt(s) - 60.00% - Score 1 goal in Penalty Kill

Official

Referees : Unknown
Linesman : Unknown

Game Notes

Jeremy Morin is injured at 1:36 of 1st period (Sports Hernia)
Tyler Bunz enters game at 6:37 of 1st period
Nicolas Deslauriers beats up Rob Davison at 10:21 of 1st period
Farm Player87 enters game at 12:16 of 1st period
Sami Vatanen has scored a Hat Trick!
Nikita Kucherov has scored a Hat Trick!

Finance

Level 1 -- Attendance: 1427 (71.35%) -- Ticket Income $49,945
Level 2 -- Attendance: 791 (79.10%) -- Ticket Income $11,865
Total Attendance: 2218 (73.93%)
Total Ticket Income: $61,810
Other Income: $30,287
Total Income: $92,097

Rivermen

5 vs 5 Forward 
   Center                   Left Wing                Right Wing               Time % Phy DF OF 
 1 Brian Gibbons            Zack Phillips            Mark Stone               35     1   2  2  
 2 Joakim Nordstrom         Joe Whitney              Ryan Reaves              30     1   2  2  
 3 Zack Phillips            Jeremy Morin             Brian O'Neill            22     1   2  2  
 4 Mark Stone               Chris Brown              Evan Rankin              13     1   2  2  

5 vs 5 Defense 
   Defense                  Defense                                           Time % Phy DF OF 
 1 Ryan Ellis               Rob Davison                                       35     1   2  2  
 2 Anton Belov              Ryan Sproul                                       30     1   2  2  
 3 Rob Davison              Cody Goloubef                                     22     1   2  2  
 4 Maxime Fortunus          Ryan Ellis                                        13     1   2  2  

PowerPlay Forward 
   Center                   Left Wing                Right Wing               Time % Phy DF OF 
 1 Brian Gibbons            Zack Phillips            Mark Stone               60     1   2  2  
 2 Joakim Nordstrom         Joe Whitney              Ryan Reaves              40     1   2  2  

PowerPlay Defense
   Defense                  Defense                                           Time % Phy DF OF 
 1 Ryan Ellis               Rob Davison                                       60     1   2  2  
 2 Anton Belov              Ryan Sproul                                       40     1   2  2  

Penalty Kill 4 Players Forward 
   Center                   Wing                     Time % Phy DF OF 
 1 Joe Whitney              Brian Gibbons            60     1   2  2  
 2 Mark Stone               Ryan Reaves              40     1   2  2  

Penalty Kill 4 Players Defense
   Defense                  Defense                  Time % Phy DF OF 
 1 Ryan Ellis               Rob Davison              60     1   2  2  
 2 Anton Belov              Ryan Sproul              40     1   2  2  

Penalty Kill - 3 Players Forward 
   Forward                                           Time % Phy DF OF 
 1 Mark Stone                                        60     1   2  2  
 2 Brian Gibbons                                     40     1   2  2  

Penalty Kill - 3 Players Defense
   Defense                  Defense                  Time % Phy DF OF 
 1 Ryan Ellis               Maxime Fortunus          60     1   2  2  
 2 Anton Belov              Ryan Sproul              40     1   2  2  

4 vs 4 Forward 
   Center                   Wing                     Time % Phy DF OF 
 1 Zack Phillips            Brian Gibbons            60     1   2  2  
 2 Mark Stone               Ryan Reaves              40     1   2  2  

4 vs 4 Defense
   Defense                  Defense                  Time % Phy DF OF 
 1 Ryan Ellis               Cody Goloubef            60     1   2  2  
 2 Anton Belov              Ryan Sproul              40     1   2  2  

Last Minutes Offensive
   Center                   Left Wing                Right Wing               Defense                  Defense                  
   Brian Gibbons            Ryan Reaves              Mark Stone               Ryan Ellis               Anton Belov              

Last Minutes Defensive
   Center                   Left Wing                Right Wing               Defense                  Defense                  
   Brian Gibbons            Ryan Reaves              Mark Stone               Ryan Ellis               Anton Belov              

Goaltenders
Starting : Farm Player87            
Backup : Tyler Bunz               

Extra Forwards
Normal : Zack Phillips, Jeremy Morin, Brian O'Neill - PP : Zack Phillips, Jeremy Morin - PK : Brian O'Neill
Extra Defensemen
Normal : Rob Davison, Cody Goloubef, Maxime Fortunus - PP : Rob Davison - PK : Cody Goloubef, Maxime Fortunus
Penalty Shots
Jeremy Morin, Brian Gibbons, Mark Stone, Ryan Reaves, Joe Whitney

Heat

5 vs 5 Forward 
   Center                   Left Wing                Right Wing               Time % Phy DF OF 
 1 Riley Sheahan            Tomas Fleischmann        Richard Panik            35     1   2  2  
 2 Rickard Rakell           Sven Baertschi           Devante Smith-Pelly      30     1   2  2  
 3 Victor Rask              Nikita Kucherov          Taylor Beck              22     1   2  2  
 4 Filip Forsberg           Lucas Lessio             Jordan Caron             13     1   2  2  

5 vs 5 Defense 
   Defense                  Defense                                           Time % Phy DF OF 
 1 Sergei Gonchar           Sami Vatanen                                      35     1   2  2  
 2 Jon Merrill              Tim Erixon                                        30     1   2  2  
 3 Stuart Percy             Nicolas Deslauriers                               22     1   2  2  
 4 Sami Vatanen             Jon Merrill                                       13     1   2  2  

PowerPlay Forward 
   Center                   Left Wing                Right Wing               Time % Phy DF OF 
 1 Riley Sheahan            Tomas Fleischmann        Richard Panik            51     1   2  2  
 2 Rickard Rakell           Sven Baertschi           Devante Smith-Pelly      49     1   2  2  

PowerPlay Defense
   Defense                  Defense                                           Time % Phy DF OF 
 1 Sergei Gonchar           Sami Vatanen                                      50     1   2  2  
 2 Jon Merrill              Tim Erixon                                        50     1   2  2  

Penalty Kill 4 Players Forward 
   Center                   Wing                     Time % Phy DF OF 
 1 Victor Rask              Jordan Caron             60     1   2  2  
 2 Riley Sheahan            Taylor Beck              40     1   2  2  

Penalty Kill 4 Players Defense
   Defense                  Defense                  Time % Phy DF OF 
 1 Sergei Gonchar           Sami Vatanen             60     1   2  2  
 2 Jon Merrill              Nicolas Deslauriers      40     1   2  2  

Penalty Kill - 3 Players Forward 
   Forward                                           Time % Phy DF OF 
 1 Victor Rask                                       60     1   2  2  
 2 Rickard Rakell                                    40     1   2  2  

Penalty Kill - 3 Players Defense
   Defense                  Defense                  Time % Phy DF OF 
 1 Sergei Gonchar           Sami Vatanen             60     1   2  2  
 2 Jon Merrill              Nicolas Deslauriers      40     1   2  2  

4 vs 4 Forward 
   Center                   Wing                     Time % Phy DF OF 
 1 Riley Sheahan            Tomas Fleischmann        50     1   2  2  
 2 Rickard Rakell           Devante Smith-Pelly      50     1   2  2  

4 vs 4 Defense
   Defense                  Defense                  Time % Phy DF OF 
 1 Sergei Gonchar           Sami Vatanen             50     1   2  2  
 2 Jon Merrill              Tim Erixon               50     1   2  2  

Last Minutes Offensive
   Center                   Left Wing                Right Wing               Defense                  Defense                  
   Riley Sheahan            Tomas Fleischmann        Richard Panik            Sergei Gonchar           Sami Vatanen             

Last Minutes Defensive
   Center                   Left Wing                Right Wing               Defense                  Defense                  
   Victor Rask              Jordan Caron             Taylor Beck              Jon Merrill              Tim Erixon               

Goaltenders
Starting : Calvin Pickard           
Backup : Eddie Pasquale           

Extra Forwards
Normal : Sven Baertschi, Taylor Beck, Lucas Lessio - PP : Sven Baertschi, Taylor Beck - PK : Lucas Lessio
Extra Defensemen
Normal : Stuart Percy, Nicolas Deslauriers, Tim Erixon - PP : Stuart Percy - PK : Nicolas Deslauriers, Tim Erixon
Penalty Shots
Tomas Fleischmann, Riley Sheahan, Nicolas Deslauriers, Richard Panik, Devante Smith-Pelly

% Time on Ice - Rivermen

Lines # - Real PCT - Wanted PCT - Time Play
Normal Forward
1 - 14% - 35% - 6:47
2 - 26% - 30% - 12:27
3 - 32% - 22% - 15:10
4 - 28% - 13% - 13:41
Normal Defense
1 - 21% - 35% - 10:19
2 - 33% - 30% - 15:40
3 - 27% - 22% - 12:57
4 - 19% - 13% - 9:09
PP Forward
1 - 45% - 60% - 3:35
2 - 55% - 40% - 4:22
PP Defense
1 - 81% - 60% - 6:24
2 - 19% - 40% - 1:33
PK Forward
1 - 100% - 60% - 3:58
2 - 0% - 40% - 0:00
PK Defense
1 - 7% - 60% - 0:16
2 - 93% - 40% - 3:42
PK3 Forward
1 - 0% - 60%
2 - 0% - 40%
PK3 Defense
1 - 0% - 60%
2 - 0% - 40%
44 Forward
1 - 0% - 60%
2 - 0% - 40%
44 Defense
1 - 0% - 60%
2 - 0% - 40%
Last Minute Offensive  - 0:00
Last Minute Defensive  - 0:00
Total
Forward - 60:00
Defense - 60:00

% Time on Ice - Heat

Lines # - Real PCT - Wanted PCT - Time Play
Normal Forward
1 - 32% - 35% - 15:18
2 - 28% - 30% - 13:37
3 - 24% - 22% - 11:44
4 - 15% - 13% - 7:26
Normal Defense
1 - 34% - 35% - 16:13
2 - 32% - 30% - 15:18
3 - 28% - 22% - 13:23
4 - 7% - 13% - 3:11
PP Forward
1 - 57% - 51% - 2:16
2 - 43% - 49% - 1:42
PP Defense
1 - 39% - 50% - 1:34
2 - 61% - 50% - 2:24
PK Forward
1 - 84% - 60% - 6:40
2 - 16% - 40% - 1:17
PK Defense
1 - 60% - 60% - 4:47
2 - 40% - 40% - 3:10
PK3 Forward
1 - 0% - 60%
2 - 0% - 40%
PK3 Defense
1 - 0% - 60%
2 - 0% - 40%
44 Forward
1 - 0% - 50%
2 - 0% - 50%
44 Defense
1 - 0% - 50%
2 - 0% - 50%
Last Minute Offensive  - 0:00
Last Minute Defensive  - 0:00
Total
Forward - 60:00
Defense - 60:00

Play by Play

1st period


0:01 of 1st period - Riley Sheahan wins face-off versus Brian Gibbons in neutral zone.
0:33 of 1st period - Slapshot by Sami Vatanen.
0:33 of 1st period - Goal by Sami Vatanen - Rivermen : 0 - Heat : 1.
0:34 of 1st period - Rickard Rakell wins face-off versus Joe Whitney in neutral zone.
0:57 of 1st period - Ryan Reaves is hit by Rickard Rakell and loses puck.
1:26 of 1st period - Ryan Sproul is hit by Victor Rask and loses puck.
1:35 of 1st period - Jeremy Morin is hit by Tim Erixon and loses puck.
1:36 of 1st period - Jeremy Morin from Rivermen is injured at 1:36 of 1st period (Sports Hernia).
1:37 of 1st period - Filip Forsberg wins face-off versus Mark Stone in Rivermen zone.
1:50 of 1st period - Slapshot by Ryan Ellis.
1:50 of 1st period - Stopped by Calvin Pickard with a rebound.
1:52 of 1st period - Slapshot by Chris Brown.
1:52 of 1st period - Shot Misses the Net.
1:54 of 1st period - Slapshot by Ryan Ellis.
1:54 of 1st period - Deflect By Jordan Caron.
1:54 of 1st period - Stopped by Calvin Pickard with a rebound.
1:56 of 1st period - Slapshot by Ryan Ellis.
1:56 of 1st period - Deflect By Mark Stone.
1:56 of 1st period - Stopped by Calvin Pickard with a rebound.
1:58 of 1st period - Wrist shot by Mark Stone.
1:58 of 1st period - Deflect By Evan Rankin.
1:58 of 1st period - Stopped by Calvin Pickard without a rebound.
1:59 of 1st period - Riley Sheahan wins face-off versus Zack Phillips in Heat zone.
2:12 of 1st period - Snap shot by Tomas Fleischmann.
2:12 of 1st period - Goal by Tomas Fleischmann - Rivermen : 0 - Heat : 2.
2:13 of 1st period - Brian Gibbons wins face-off versus Victor Rask in neutral zone.
3:08 of 1st period - Stuart Percy is hit by Rob Davison and loses puck.
3:41 of 1st period - Backhand shot by Devante Smith-Pelly.
3:41 of 1st period - Shot Misses the Net.
3:43 of 1st period - Slapshot by Nicolas Deslauriers.
3:43 of 1st period - Goal by Nicolas Deslauriers - Rivermen : 0 - Heat : 3.
3:44 of 1st period - Devante Smith-Pelly wins face-off versus Joakim Nordstrom in neutral zone.
3:47 of 1st period - Ryan Reaves is hit by Rickard Rakell and loses puck.
4:10 of 1st period - Wrist shot by Anton Belov.
4:10 of 1st period - Stopped by Calvin Pickard with a rebound.
4:36 of 1st period - Brian O'Neill is hit by Sami Vatanen and loses puck.
4:57 of 1st period - Snap shot by Mark Stone.
4:57 of 1st period - Shot Misses the Net.
4:59 of 1st period - Wrist shot by Evan Rankin.
4:59 of 1st period - Shot Misses the Net.
5:21 of 1st period - Zack Phillips is hit by Tomas Fleischmann and loses puck.
6:01 of 1st period - Minor Penalty to Taylor Beck for Interference.
6:02 of 1st period - Victor Rask wins face-off versus Joakim Nordstrom in Heat zone.
6:12 of 1st period - Slapshot by Anton Belov.
6:12 of 1st period - Goal by Anton Belov - Rivermen : 1 - Heat : 3.
6:13 of 1st period - Rickard Rakell wins face-off versus Mark Stone in neutral zone.
6:37 of 1st period - Snap shot by Sven Baertschi.
6:37 of 1st period - Goal by Sven Baertschi - Rivermen : 1 - Heat : 4.
6:37 of 1st period - Tyler Bunz enters game.
6:38 of 1st period - Victor Rask wins face-off versus Joakim Nordstrom in neutral zone.
6:43 of 1st period - Snap shot by Nikita Kucherov.
6:43 of 1st period - Shot Blocked by Rob Davison.
6:45 of 1st period - Wrist shot by Sergei Gonchar.
6:45 of 1st period - Shot Blocked by Ryan Ellis.
6:59 of 1st period - Snap shot by Nikita Kucherov.
6:59 of 1st period - Goal by Nikita Kucherov - Rivermen : 1 - Heat : 5.
7:00 of 1st period - Riley Sheahan wins face-off versus Evan Rankin in neutral zone.
7:21 of 1st period - Slapshot by Richard Panik.
7:21 of 1st period - Shot Blocked by Anton Belov.
7:28 of 1st period - Snap shot by Sami Vatanen.
7:28 of 1st period - Deflect By Richard Panik.
7:28 of 1st period - Shot Blocked by Mark Stone.
7:28 of 1st period - Puck is out of play.
7:29 of 1st period - Rickard Rakell wins face-off versus Zack Phillips in Rivermen zone.
7:50 of 1st period - Snap shot by Brian O'Neill.
7:50 of 1st period - Stopped by Calvin Pickard without a rebound.
7:51 of 1st period - Brian Gibbons wins face-off versus Nikita Kucherov in Heat zone.
8:02 of 1st period - Slapshot by Sami Vatanen.
8:02 of 1st period - Goal by Sami Vatanen - Rivermen : 1 - Heat : 6.
8:03 of 1st period - Joakim Nordstrom wins face-off versus Riley Sheahan in neutral zone.
8:16 of 1st period - Snap shot by Joakim Nordstrom.
8:16 of 1st period - Shot Blocked by Tim Erixon.
8:18 of 1st period - Wrist shot by Ryan Reaves.
8:18 of 1st period - Shot Misses the Net.
8:20 of 1st period - Slapshot by Ryan Ellis.
8:20 of 1st period - Shot Misses the Net.
8:24 of 1st period - Snap shot by Ryan Reaves.
8:24 of 1st period - Stopped by Calvin Pickard with a rebound.
8:26 of 1st period - Snap shot by Ryan Ellis.
8:26 of 1st period - Deflect By Ryan Reaves.
8:26 of 1st period - Stopped by Calvin Pickard with a rebound.
8:28 of 1st period - Wrist shot by Ryan Reaves.
8:28 of 1st period - Stopped by Calvin Pickard with a rebound.
8:30 of 1st period - Snap shot by Joakim Nordstrom.
8:30 of 1st period - Goal by Joakim Nordstrom - Rivermen : 2 - Heat : 6.
8:31 of 1st period - Rickard Rakell wins face-off versus Brian Gibbons in neutral zone.
9:07 of 1st period - Snap shot by Sami Vatanen.
9:07 of 1st period - Shot Misses the Net.
9:34 of 1st period - Joakim Nordstrom is hit by Sergei Gonchar and loses puck.
9:39 of 1st period - Snap shot by Nikita Kucherov.
9:39 of 1st period - Shot Blocked by Ryan Sproul.
9:43 of 1st period - Snap shot by Nikita Kucherov.
9:43 of 1st period - Goal by Nikita Kucherov - Rivermen : 2 - Heat : 7.
9:44 of 1st period - Zack Phillips wins face-off versus Riley Sheahan in neutral zone.
9:47 of 1st period - Slapshot by Anton Belov.
9:47 of 1st period - Stopped by Calvin Pickard with a rebound.
10:08 of 1st period - Snap shot by Brian O'Neill.
10:08 of 1st period - Stopped by Calvin Pickard with a rebound.
10:10 of 1st period - Snap shot by Zack Phillips.
10:10 of 1st period - Stopped by Calvin Pickard with a rebound.
10:12 of 1st period - Slapshot by Ryan Sproul.
10:12 of 1st period - Stopped by Calvin Pickard without a rebound.
10:13 of 1st period - Filip Forsberg wins face-off versus Mark Stone in Heat zone.
10:21 of 1st period - Nicolas Deslauriers beats up Rob Davison.
10:21 of 1st period - Penalty to Nicolas Deslauriers for Fighting.
10:21 of 1st period - Penalty to Rob Davison for Fighting.
10:22 of 1st period - Rickard Rakell wins face-off versus Joakim Nordstrom in Rivermen zone.
10:49 of 1st period - Slapshot by Rickard Rakell.
10:49 of 1st period - Shot Misses the Net.
10:51 of 1st period - Wrist shot by Rickard Rakell.
10:51 of 1st period - Stopped by Tyler Bunz with a rebound.
10:53 of 1st period - Wrist shot by Rickard Rakell.
10:53 of 1st period - Stopped by Tyler Bunz with a rebound.
10:55 of 1st period - Wrist shot by Sven Baertschi.
10:55 of 1st period - Shot Blocked by Ryan Ellis.
12:14 of 1st period - Wrist shot by Tomas Fleischmann.
12:14 of 1st period - Shot Blocked by Brian O'Neill.
12:16 of 1st period - Snap shot by Sergei Gonchar.
12:16 of 1st period - Goal by Sergei Gonchar - Rivermen : 2 - Heat : 8.
12:16 of 1st period - Farm Player87 enters game.
12:17 of 1st period - Mark Stone wins face-off versus Victor Rask in neutral zone.
12:29 of 1st period - Icing by Taylor Beck.
12:30 of 1st period - Victor Rask wins face-off versus Mark Stone in Heat zone.
12:49 of 1st period - Slapshot by Sami Vatanen.
12:49 of 1st period - Deflect By Nikita Kucherov.
12:49 of 1st period - Shot Misses the Net.
12:49 of 1st period - Puck is out of play.
12:50 of 1st period - Riley Sheahan wins face-off versus Joe Whitney in Rivermen zone.
13:12 of 1st period - Snap shot by Tomas Fleischmann.
13:12 of 1st period - Stopped by Farm Player87 with a rebound.
13:14 of 1st period - Slapshot by Jon Merrill.
13:14 of 1st period - Stopped by Farm Player87 with a rebound.
13:16 of 1st period - Slapshot by Jon Merrill.
13:16 of 1st period - Deflect By Riley Sheahan.
13:16 of 1st period - Shot Misses the Net.
13:16 of 1st period - Puck is out of play.
13:17 of 1st period - Lucas Lessio wins face-off versus Zack Phillips in Rivermen zone.
13:33 of 1st period - Icing by Maxime Fortunus.
13:34 of 1st period - Zack Phillips wins face-off versus Filip Forsberg in Rivermen zone.
13:39 of 1st period - Snap shot by Joe Whitney.
13:39 of 1st period - Stopped by Calvin Pickard with a rebound.
14:30 of 1st period - Chris Brown is hit by Sami Vatanen and loses puck.
14:38 of 1st period - Minor Penalty to Jon Merrill for Boarding.
14:39 of 1st period - Victor Rask wins face-off versus Brian Gibbons in Heat zone.
15:21 of 1st period - Penalty to Nicolas Deslauriers is over, Nicolas Deslauriers is back on ice.
15:26 of 1st period - Slapshot by Joakim Nordstrom.
15:26 of 1st period - Shot Misses the Net.
16:19 of 1st period - Off-side.
16:20 of 1st period - Joakim Nordstrom wins face-off versus Riley Sheahan in neutral zone.
16:23 of 1st period - Slapshot by Ryan Ellis.
16:23 of 1st period - Stopped by Calvin Pickard without a rebound.
16:24 of 1st period - Riley Sheahan wins face-off versus Joakim Nordstrom in Heat zone.
16:24 of 1st period - Riley Sheahan is hit by Joakim Nordstrom.
16:36 of 1st period - Snap shot by Jordan Caron.
16:36 of 1st period - Shot Blocked by Mark Stone.
16:38 of 1st period - Penalty to Jon Merrill is over, Jon Merrill is back on ice.
17:06 of 1st period - Wrist shot by Mark Stone.
17:06 of 1st period - Deflect By Chris Brown.
17:06 of 1st period - Shot Misses the Net.
17:06 of 1st period - Puck is out of play.
17:07 of 1st period - Rickard Rakell wins face-off versus Mark Stone in Heat zone.
17:09 of 1st period - Minor Penalty to Sami Vatanen for Hooking.
17:10 of 1st period - Victor Rask wins face-off versus Joakim Nordstrom in Heat zone.
17:54 of 1st period - Sergei Gonchar is hit by Zack Phillips.
19:09 of 1st period - Penalty to Sami Vatanen is over, Sami Vatanen is back on ice.
19:48 of 1st period - Nicolas Deslauriers is hit by Chris Brown and loses puck.
Goals for this period are 2 for Rivermen vs 8 for Heat.
Shots for this period are 17 for Rivermen vs 12 for Heat.

2nd period


0:01 of 2nd period - Brian Gibbons wins face-off versus Victor Rask in neutral zone.
0:04 of 2nd period - Snap shot by Mark Stone.
0:04 of 2nd period - Stopped by Calvin Pickard with a rebound.
1:03 of 2nd period - Snap shot by Joakim Nordstrom.
1:03 of 2nd period - Shot Misses the Net.
1:09 of 2nd period - Tomas Fleischmann is hit by Ryan Reaves and loses puck.
1:16 of 2nd period - Joe Whitney is hit by Tomas Fleischmann and loses puck.
1:35 of 2nd period - Slapshot by Anton Belov.
1:35 of 2nd period - Deflect By Brian O'Neill.
1:35 of 2nd period - Stopped by Calvin Pickard with a rebound.
1:37 of 2nd period - Snap shot by Zack Phillips.
1:37 of 2nd period - Shot Blocked by Nicolas Deslauriers.
1:39 of 2nd period - Wrist shot by Joe Whitney.
1:39 of 2nd period - Deflect By Brian O'Neill.
1:39 of 2nd period - Stopped by Calvin Pickard with a rebound.
1:49 of 2nd period - Maxime Fortunus is hit by Sven Baertschi and loses puck.
2:37 of 2nd period - Slapshot by Sami Vatanen.
2:37 of 2nd period - Goal by Sami Vatanen - Rivermen : 2 - Heat : 9.
2:38 of 2nd period - Evan Rankin wins face-off versus Tomas Fleischmann in neutral zone.
3:40 of 2nd period - Wrist shot by Nikita Kucherov.
3:40 of 2nd period - Stopped by Farm Player87 with a rebound.
3:42 of 2nd period - Wrist shot by Victor Rask.
3:42 of 2nd period - Shot Misses the Net.
3:44 of 2nd period - Slapshot by Jon Merrill.
3:44 of 2nd period - Shot Misses the Net.
3:46 of 2nd period - Slapshot by Jon Merrill.
3:46 of 2nd period - Deflect By Nikita Kucherov.
3:46 of 2nd period - Goal by Nikita Kucherov - Rivermen : 2 - Heat : 10.
3:47 of 2nd period - Zack Phillips wins face-off versus Victor Rask in neutral zone.
4:23 of 2nd period - Off-side.
4:24 of 2nd period - Rickard Rakell wins face-off versus Mark Stone in neutral zone.
5:21 of 2nd period - Zack Phillips is hit by Richard Panik.
5:27 of 2nd period - Riley Sheahan is hit by Rob Davison and loses puck.
5:53 of 2nd period - Off-side.
5:54 of 2nd period - Brian O'Neill wins face-off versus Taylor Beck in neutral zone.
5:57 of 2nd period - Slapshot by Ryan Ellis.
5:57 of 2nd period - Shot Misses the Net.
6:10 of 2nd period - Brian O'Neill is hit by Jon Merrill.
6:28 of 2nd period - Snap shot by Jon Merrill.
6:28 of 2nd period - Shot Blocked by Brian O'Neill.
7:08 of 2nd period - Slapshot by Sergei Gonchar.
7:08 of 2nd period - Shot Misses the Net.
7:14 of 2nd period - Wrist shot by Filip Forsberg.
7:14 of 2nd period - Stopped by Farm Player87 without a rebound.
7:15 of 2nd period - Devante Smith-Pelly wins face-off versus Mark Stone in Rivermen zone.
7:18 of 2nd period - Snap shot by Sven Baertschi.
7:18 of 2nd period - Shot Misses the Net.
7:42 of 2nd period - Wrist shot by Sven Baertschi.
7:42 of 2nd period - Shot Misses the Net.
8:06 of 2nd period - Cody Goloubef is hit by Sami Vatanen and loses puck.
8:52 of 2nd period - Minor Penalty to Rob Davison for Holding.
8:53 of 2nd period - Riley Sheahan wins face-off versus Joe Whitney in Rivermen zone.
9:49 of 2nd period - Brian Gibbons is hit by Tomas Fleischmann and loses puck.
9:58 of 2nd period - Sami Vatanen is hit by Ryan Sproul and loses puck.
10:42 of 2nd period - Snap shot by Chris Brown.
10:42 of 2nd period - Stopped by Calvin Pickard without a rebound.
10:43 of 2nd period - Riley Sheahan wins face-off versus Joakim Nordstrom in Heat zone.
10:52 of 2nd period - Penalty to Rob Davison is over, Rob Davison is back on ice.
11:07 of 2nd period - Evan Rankin is hit by Taylor Beck and loses puck.
11:45 of 2nd period - Snap shot by Joakim Nordstrom.
11:45 of 2nd period - Stopped by Calvin Pickard with a rebound.
11:47 of 2nd period - Wrist shot by Joakim Nordstrom.
11:47 of 2nd period - Deflect By Joe Whitney.
11:47 of 2nd period - Stopped by Calvin Pickard with a rebound.
12:03 of 2nd period - Taylor Beck is hit by Zack Phillips and loses puck.
12:26 of 2nd period - Wrist shot by Mark Stone.
12:26 of 2nd period - Stopped by Calvin Pickard with a rebound.
12:32 of 2nd period - Slapshot by Anton Belov.
12:32 of 2nd period - Shot Blocked by Victor Rask.
12:34 of 2nd period - Snap shot by Mark Stone.
12:34 of 2nd period - Shot Misses the Net.
13:13 of 2nd period - Off-side.
13:14 of 2nd period - Zack Phillips wins face-off versus Rickard Rakell in neutral zone.
13:20 of 2nd period - Off-side.
13:21 of 2nd period - Zack Phillips wins face-off versus Rickard Rakell in neutral zone.
13:24 of 2nd period - Rickard Rakell is hit by Ryan Ellis and loses puck.
13:38 of 2nd period - Off-side.
13:39 of 2nd period - Mark Stone wins face-off versus Riley Sheahan in neutral zone.
13:58 of 2nd period - Wrist shot by Chris Brown.
13:58 of 2nd period - Goal by Chris Brown - Rivermen : 3 - Heat : 10.
13:59 of 2nd period - Riley Sheahan wins face-off versus Joakim Nordstrom in neutral zone.
14:26 of 2nd period - Backhand shot by Tomas Fleischmann.
14:26 of 2nd period - Shot Misses the Net.
14:32 of 2nd period - Sergei Gonchar is hit by Ryan Reaves and loses puck.
14:53 of 2nd period - Sergei Gonchar is hit by Ryan Ellis and loses puck.
16:02 of 2nd period - Lucas Lessio is hit by Zack Phillips and loses puck.
16:48 of 2nd period - Nikita Kucherov is hit by Zack Phillips and loses puck.
17:03 of 2nd period - Slapshot by Jon Merrill.
17:03 of 2nd period - Stopped by Farm Player87 with a rebound.
17:58 of 2nd period - Snap shot by Joakim Nordstrom.
17:58 of 2nd period - Stopped by Calvin Pickard without a rebound.
17:59 of 2nd period - Filip Forsberg wins face-off versus Brian Gibbons in Heat zone.
18:35 of 2nd period - Devante Smith-Pelly is hit by Rob Davison and loses puck.
18:57 of 2nd period - Wrist shot by Sven Baertschi.
18:57 of 2nd period - Stopped by Farm Player87 without a rebound.
18:58 of 2nd period - Joakim Nordstrom wins face-off versus Victor Rask in Rivermen zone.
18:58 of 2nd period - Joakim Nordstrom is hit by Nikita Kucherov.
19:04 of 2nd period - Slapshot by Anton Belov.
19:04 of 2nd period - Deflect By Joe Whitney.
19:04 of 2nd period - Stopped by Calvin Pickard with a rebound.
19:29 of 2nd period - Joe Whitney is hit by Taylor Beck and loses puck.
19:48 of 2nd period - Minor Penalty to Nicolas Deslauriers for Hooking.
19:49 of 2nd period - Brian Gibbons wins face-off versus Victor Rask in Heat zone.
Goals for this period are 1 for Rivermen vs 2 for Heat.
Shots for this period are 10 for Rivermen vs 6 for Heat.

3rd period


0:01 of 3rd period - Victor Rask wins face-off versus Brian Gibbons in neutral zone.
0:06 of 3rd period - Wrist shot by Jordan Caron.
0:06 of 3rd period - Goal by Jordan Caron - Rivermen : 3 - Heat : 11.
0:07 of 3rd period - Victor Rask wins face-off versus Brian Gibbons in neutral zone.
0:10 of 3rd period - Brian Gibbons is hit by Jordan Caron and loses puck.
1:40 of 3rd period - Wrist shot by Jordan Caron.
1:40 of 3rd period - Shot Hit the Post.
1:42 of 3rd period - Snap shot by Jon Merrill.
1:42 of 3rd period - Stopped by Farm Player87 with a rebound.
1:48 of 3rd period - Penalty to Nicolas Deslauriers is over, Nicolas Deslauriers is back on ice.
2:15 of 3rd period - Anton Belov is hit by Nicolas Deslauriers and loses puck.
2:24 of 3rd period - Wrist shot by Devante Smith-Pelly.
2:24 of 3rd period - Shot Misses the Net.
2:51 of 3rd period - Snap shot by Tomas Fleischmann.
2:51 of 3rd period - Shot Misses the Net.
2:53 of 3rd period - Slapshot by Sergei Gonchar.
2:53 of 3rd period - Goal by Sergei Gonchar - Rivermen : 3 - Heat : 12.
2:54 of 3rd period - Riley Sheahan wins face-off versus Mark Stone in neutral zone.
3:07 of 3rd period - Off-side.
3:08 of 3rd period - Mark Stone wins face-off versus Riley Sheahan in neutral zone.
3:31 of 3rd period - Wrist shot by Riley Sheahan.
3:31 of 3rd period - Shot Blocked by Anton Belov.
3:33 of 3rd period - Slapshot by Sami Vatanen.
3:33 of 3rd period - Shot Misses the Net.
3:35 of 3rd period - Wrist shot by Richard Panik.
3:35 of 3rd period - Stopped by Farm Player87 without a rebound.
3:36 of 3rd period - Rickard Rakell wins face-off versus Brian Gibbons in Rivermen zone.
3:41 of 3rd period - Snap shot by Sven Baertschi.
3:41 of 3rd period - Stopped by Farm Player87 with a rebound.
4:30 of 3rd period - Brian O'Neill is hit by Victor Rask and loses puck.
5:56 of 3rd period - Slapshot by Riley Sheahan.
5:56 of 3rd period - Deflect By Brian Gibbons.
5:56 of 3rd period - Stopped by Farm Player87 with a rebound.
6:42 of 3rd period - Slapshot by Jordan Caron.
6:42 of 3rd period - Goal by Jordan Caron - Rivermen : 3 - Heat : 13.
6:43 of 3rd period - Rickard Rakell wins face-off versus Joakim Nordstrom in neutral zone.
6:46 of 3rd period - Slapshot by Jon Merrill.
6:46 of 3rd period - Shot Blocked by Anton Belov.
6:48 of 3rd period - Slapshot by Rickard Rakell.
6:48 of 3rd period - Shot Hit the Post.
6:50 of 3rd period - Wrist shot by Rickard Rakell.
6:50 of 3rd period - Shot Misses the Net.
7:35 of 3rd period - Chris Brown is hit by Richard Panik and loses puck.
7:52 of 3rd period - Brian O'Neill is hit by Riley Sheahan and loses puck.
8:47 of 3rd period - Snap shot by Filip Forsberg.
8:47 of 3rd period - Deflect By Jordan Caron.
8:47 of 3rd period - Stopped by Farm Player87 with a rebound.
8:49 of 3rd period - Wrist shot by Stuart Percy.
8:49 of 3rd period - Shot Blocked by Maxime Fortunus.
9:26 of 3rd period - Snap shot by Nikita Kucherov.
9:26 of 3rd period - Stopped by Farm Player87 with a rebound.
10:15 of 3rd period - Snap shot by Riley Sheahan.
10:15 of 3rd period - Shot Blocked by Evan Rankin.
10:17 of 3rd period - Slapshot by Jon Merrill.
10:17 of 3rd period - Shot Misses the Net.
10:25 of 3rd period - Snap shot by Richard Panik.
10:25 of 3rd period - Shot Misses the Net.
10:27 of 3rd period - Wrist shot by Tomas Fleischmann.
10:27 of 3rd period - Shot Blocked by Evan Rankin.
10:31 of 3rd period - Wrist shot by Tomas Fleischmann.
10:31 of 3rd period - Shot Misses the Net.
11:38 of 3rd period - Sergei Gonchar is hit by Brian Gibbons and loses puck.
12:03 of 3rd period - Snap shot by Devante Smith-Pelly.
12:03 of 3rd period - Stopped by Farm Player87 with a rebound.
12:34 of 3rd period - Minor Penalty to Ryan Reaves for Interference.
12:35 of 3rd period - Riley Sheahan wins face-off versus Joe Whitney in Rivermen zone.
12:37 of 3rd period - Slapshot by Tomas Fleischmann.
12:37 of 3rd period - Stopped by Farm Player87 with a rebound.
13:27 of 3rd period - Zack Phillips is hit by Sven Baertschi and loses puck.
13:44 of 3rd period - Wrist shot by Rickard Rakell.
13:44 of 3rd period - Shot Blocked by Anton Belov.
14:34 of 3rd period - Penalty to Ryan Reaves is over, Ryan Reaves is back on ice.
14:39 of 3rd period - Minor Penalty to Nicolas Deslauriers for Interference.
14:40 of 3rd period - Joakim Nordstrom wins face-off versus Victor Rask in Heat zone.
14:44 of 3rd period - Snap shot by Brian Gibbons.
14:44 of 3rd period - Shot Blocked by Victor Rask.
15:18 of 3rd period - Slapshot by Ryan Ellis.
15:18 of 3rd period - Deflect By Joakim Nordstrom.
15:18 of 3rd period - Shot Misses the Net.
15:18 of 3rd period - Puck is out of play.
15:19 of 3rd period - Jordan Caron wins face-off versus Joakim Nordstrom in Heat zone.
15:30 of 3rd period - Jon Merrill is hit by Mark Stone.
16:26 of 3rd period - Snap shot by Joakim Nordstrom.
16:26 of 3rd period - Shot Misses the Net.
16:28 of 3rd period - Slapshot by Joakim Nordstrom.
16:28 of 3rd period - Goal by Joakim Nordstrom - Rivermen : 4 - Heat : 13.
16:29 of 3rd period - Mark Stone wins face-off versus Riley Sheahan in neutral zone.
16:46 of 3rd period - Wrist shot by Mark Stone.
16:46 of 3rd period - Shot Blocked by Tim Erixon.
17:02 of 3rd period - Wrist shot by Chris Brown.
17:02 of 3rd period - Stopped by Calvin Pickard with a rebound.
17:21 of 3rd period - Sergei Gonchar is hit by Rob Davison and loses puck.
17:30 of 3rd period - Snap shot by Rickard Rakell.
17:30 of 3rd period - Stopped by Farm Player87 with a rebound.
18:35 of 3rd period - Snap shot by Ryan Ellis.
18:35 of 3rd period - Stopped by Calvin Pickard without a rebound.
18:36 of 3rd period - Joakim Nordstrom wins face-off versus Tomas Fleischmann in Heat zone.
18:37 of 3rd period - Snap shot by Ryan Ellis.
18:37 of 3rd period - Shot Misses the Net.
19:26 of 3rd period - Cody Goloubef is hit by Lucas Lessio and loses puck.
Goals for this period are 1 for Rivermen vs 3 for Heat.
Shots for this period are 3 for Rivermen vs 12 for Heat.


Output by the SimonT Hockey Simulator (STHS) for Eric Dolegowski -- Original Page W3C XHTML 1.0 Valid
Hockey Simulator - Hockey Simulation - Hockey Manager